 Dungeon Crawl Stone Soup version 0.26-a0-690-gcb57259078 (webtiles) character file.

Game seed: 6410876275785621593

112 ringo67 the Poker (level 4, -1/35 HPs)
             Began as a Merfolk Gladiator on Oct 23, 2020.
             Slain by an orc wizard
             ... wielding a +0 dagger
              (3 damage)
             ... on level 3 of the Dungeon.
             The game lasted 00:04:37 (2853 turns).

ringo67 the Poker (Merfolk Gladiator)               Turns: 2853, Time: 00:04:37

Health: -1/35      AC:  5    Str: 15    XL:     4   Next: 93%
Magic:  4/4        EV: 11    Int:  7    God:
Gold:   170        SH:  8    Dex: 15    Spells: 3/3 levels left

rFire    . . .     SeeInvis .   a - +0 trident
rCold    . . .     Faith    .   m - +0 kite shield
rNeg     + . .     Spirit   .   b - +0 leather armour
rPois    .         Reflect  .   c - +0 helmet
rElec    .         Harm     .   r - +0 cloak
rCorr    .         Rampage  .   (no gloves)
MR       .....                  (no boots)
Stlth    +.........             (no amulet)
HPRegen  0.11/turn              p - ring of positive energy
MPRegen  0.09/turn              (no ring)

@: no status effects
A: change form in water, swift swim, stealthy swim
a: no special abilities


You were on level 3 of the Dungeon.
You visited 1 branch of the dungeon, and saw 3 of its levels.

You collected 170 gold pieces.

Inventory:

Hand Weapons
 a - a +0 trident (weapon)
Missiles
 d - 2 throwing nets (quivered)
Armour
 b - a +0 leather armour (worn)
 c - a +0 helmet (worn)
 m - a +0 kite shield (worn)
 r - a +0 cloak (worn)
Jewellery
 p - a ring of positive energy (left hand)
Scrolls
 e - 2 scrolls of identify {unknown}
 g - 2 scrolls of fear {unknown}
 k - a scroll of fog {unknown}
 l - 2 scrolls of enchant armour {unknown}
 n - a scroll of immolation {unknown}
 o - 2 scrolls of teleportation {unknown}
 s - a scroll of noise {unknown}
Potions
 f - a potion of stabbing {unknown}
 h - a potion of flight {unknown}
 i - 2 potions of heal wounds {unknown}
 j - 2 potions of curing {unknown}
 q - 2 potions of resistance {unknown}
 t - 2 potions of might {unknown}


   Skills:
 + Level 3.0 Fighting
 * Level 6.0 Polearms
 - Level 2.0 Throwing
 + Level 1.0 Armour
 + Level 4.8 Dodging
 + Level 1.0 Shields


You had 3 spell levels left.
You didn't know any spells.
Your spell library was empty.

Dungeon Overview and Level Annotations

Branches:
Dungeon (3/15)

Altars:
Fedhas
Uskayaw


Message History

You completely miss something. Something hits you but does no damage.
You bump into the rock wall.
Something hits you but does no damage.
You bump into the rock wall.
Something hits you but does no damage.
You're too confused to move!
Something hits you.
You closely miss something. Something hits you but does no damage.
You completely miss something.
You feel less confused. Something hits you.
* * * LOW HITPOINT WARNING * * *
You barely miss something. You block something's attack.
You hit something but do no damage. Something hits you.
* * * LOW HITPOINT WARNING * * *
You miss something.
Something hits you but does no damage. x2
Throwing (i - inventory)
d - 3 throwing nets (quivered)
Press: ? - help, Shift-Dir - straight line You throw a throwing net.
You hit something. Something hits you.
* * * LOW HITPOINT WARNING * * *
Something hits you.
You die...

≈≈ #....######## ≈.
#....#.......
#.######....#.######
..(.......##.#
#.....#...#.#
###.##....#.#.#
#..)......#.#.#
#.#{#....(..#.#### .
...#@#...#.#.#....# .
#.#.#.#.......#....###
#.o..#.#.#.#>..#....##.
#. o.#.#.#.#........+..
# ...#.#)#.#........###
...#...#.#.#.#....#..
#.†...#.###....#.#
#.#####..........# #.
#..........#


There were no monsters in sight!

Vanquished Creatures
  An orc wizard (D:3)
  An adder (D:3)
  2 worms (D:2)
  2 dart slugs
  4 leopard geckos
  2 orcs (D:3)
  6 giant cockroaches
  10 hobgoblins
  3 jackals (D:2)
  6 bats
  5 frilled lizards
  5 goblins
  5 kobolds
  10 rats
62 creatures vanquished.

Notes
Turn   | Place    | Note
-------+----------+-------------------------------------------
     0 | D:1      | ringo67 the Merfolk Gladiator began the quest for the Orb.
     0 | D:1      | Reached XP level 1. HP: 16/16 MP: 1/1
   105 | D:1      | Reached XP level 2. HP: 23/23 MP: 2/2
   463 | D:1      | Reached skill level 5 in Polearms
   605 | D:1      | Reached XP level 3. HP: 28/28 MP: 3/3
   950 | D:1      | Found a blossoming altar of Fedhas.
  1639 | D:2      | Found a hide-covered altar of Uskayaw.
  1777 | D:2      | Reached XP level 4. HP: 31/34 MP: 4/4
  2326 | D:3      | Reached skill level 1 in Armour
  2840 | D:3      | Reached skill level 6 in Polearms
  2840 | D:3      | Reached skill level 1 in Shields
  2853 | D:3      | Slain by an orc wizard

Illustrated notes

Levels and vault maps discovered:
D:1:      dpeg_arrival_water_altar, layout_loops_corners
D:2:      layout_rooms, nicolae_overflow_hidden_temple, lemuel_round_altar,
          serial_co_window_serial, co_window_corner_a, co_window_paths_a,
          co_window_paths_b, co_window_corner_a, co_window_cross_1,
          co_window_corner_b, co_window_broadway_b, co_window_corner_b,
          co_window_corner_b, co_window_corner_b, co_window_of_opportunity_c,
          co_window_paths_c, co_window_4corner_b, glass_columns_c,
          glass_columns_b, glass_columns_b, glass_columns_c
D:3:      kennysheep_goblin_castle, layout_basic,
          chequers_temple_overflow_minitemple

Skill      XL: |  1  2  3  4 |
---------------+-------------+-----
Polearms       | 5 6 |  6.0
Armour         | 1 |  1.0
Fighting       | 3 |  3.0
Shields        | 1 |  1.0
Throwing       | |  2.0
Dodging        | |  4.8

Action                   |  1- 3 |  4- 6 || total
-------------------------+-------+-------++-------
Melee: Trident           |   136 |    75 ||   211
Throw: Throwing net      |       |     1 ||     1
 Stab: Sleeping          |     5 |       ||     5
Armor: Leather armour    |    18 |    14 ||    32
Dodge: Dodged            |    57 |    17 ||    74
Block: Kite shield       |    11 |    17 ||    28

Table legend: (Time is in decaauts)
 A = Elapsed time spent in this place.
 B = Non-inter-level travel time spent in this place.
 C = Inter-level travel time spent in this place.
 D = Time resting spent in this place.
 E = Time spent auto-exploring this place.
 F = Levels seen in this place.
 G = Mean time per level.
                   A        B        C        D        E       F      G
               +--------+--------+--------+--------+--------+-----+--------+
         Total |   2872 |   2791 |     81 |    357 |   1938 |   3 |  957.3 |
       Dungeon |   2872 |   2791 |     81 |    357 |   1938 |   3 |  957.3 |
               +--------+--------+--------+--------+--------+-----+--------+

Top non-repeatable levels by time:
     D:2: 1161 daAuts
     D:1: 1138 daAuts
     D:3: 573 daAuts
